 Dungeon Crawl Stone Soup version 0.23.1 (webtiles) character file.

Game seed: 0

112 vishdafish the Shield-Bearer (level 4, -5/41 HPs)
             Began as a Gnoll Fighter on Mar 11, 2019.
             Killed by divine providence
             ... invoked by an orc priest
              (9 damage)
             ... on level 4 of the Dungeon on Mar 12, 2019.
             The game lasted 00:03:28 (2273 turns).

vishdafish the Shield-Bearer (Gnoll Fighter)        Turns: 2273, Time: 00:03:30

Health: -5/41      AC:  7    Str: 24    XL:     4   Next: 95%
Magic:  5/5        EV:  9    Int: 16    God:
Gold:   44         SH: 11    Dex: 14    Spells: 5/5 levels left

rFire    . . .     SeeInvis .   a - +0 long sword
rCold    . . .     Gourm    .   c - +0 shield
rNeg     . . .     Faith    .   b - +0 scale mail
rPois    .         Spirit   .   (no helmet)
rElec    .         Reflect  .   (no cloak)
rCorr    +         Harm     .   (no gloves)
MR       .....                  (no boots)
Stlth    ..........             (no amulet)
HPRegen  0.13/turn              i - ring of resist corrosion
MPRegen  0.09/turn              (no ring)

@: mighty, brilliant
A: distributed training, fangs 1, strong nose
a: no special abilities


You were on level 4 of the Dungeon.
You were hungry.

You visited 1 branch of the dungeon, and saw 4 of its levels.

You collected 44 gold pieces.

Inventory:

Hand Weapons
 a - a +0 long sword (weapon)
Missiles
 t - 5 tomahawks (quivered)
Armour
 b - a +0 scale mail (worn)
 c - a +0 shield (worn)
Jewellery
 i - a ring of resist corrosion (left hand)
Wands
 w - a wand of polymorph (9)
Scrolls
 h - 4 scrolls of teleportation {unknown}
 j - a scroll of random uselessness {unknown}
 m - 2 scrolls of remove curse {unknown}
 n - 2 scrolls of noise {unknown}
 q - a scroll of fear {unknown}
 s - a scroll of amnesia {unknown}
 v - a scroll of identify {unknown}
Potions
 d - a potion of brilliance
 e - a potion of invisibility {unknown}
 g - 2 potions of flight {unknown}
 k - 2 potions of curing {unknown}
 l - a potion of agility {unknown}
 o - a potion of might
 p - a potion of berserk rage {unknown}
 r - a potion of lignification {unknown}
 u - a potion of cancellation {unknown}
Comestibles
 f - 4 rations


   Skills:
 + Level 6.6 Fighting
 + Level 1.2 Short Blades
 + Level 4.7 Long Blades
 + Level 1.2 Axes
 + Level 1.2 Maces & Flails
 + Level 1.2 Polearms
 + Level 1.2 Staves
 + Level 1.2 Slings
 + Level 1.2 Bows
 + Level 1.2 Crossbows
 + Level 1.2 Throwing
 + Level 6.6 Armour
 + Level 1.2 Dodging
 + Level 1.2 Stealth
 + Level 6.6 Shields
 + Level 1.2 Unarmed Combat
 + Level 1.2 Spellcasting
 + Level 1.0 Conjurations
 + Level 1.0 Hexes
 + Level 1.0 Charms
 + Level 1.0 Summonings
 + Level 1.0 Necromancy
 + Level 1.0 Translocations
 + Level 1.0 Transmutations
 + Level 1.0 Fire Magic
 + Level 1.0 Ice Magic
 + Level 1.0 Air Magic
 + Level 1.0 Earth Magic
 + Level 1.0 Poison Magic
 + Level 1.4 Invocations
 + Level 1.2 Evocations


You had 5 spell levels left.
You didn't know any spells.
Your spell library was empty.

Dungeon Overview and Level Annotations

Branches:
Dungeon (4/15)             Temple (0/1) D:4

Altars:
Kikubaaqudgha
Nemelex Xobeh
Vehumet

Annotations:
D:3 Sigmund


Innate Abilities, Weirdness & Mutations

Your experience applies equally to all skills.
You have very sharp teeth.
Your uncanny sense of smell can sniff out nearby items.


Message History

Found a ration.
You completely miss the orc priest. The hound closely misses you.
The orc priest calls down the wrath of Beogh upon you.
Beogh smites you!
* * * LOW HITPOINT WARNING * * *
You feel very mighty all of a sudden. The hound barely misses you.
You riposte.
You slash the hound!
The hound is severely wounded.
You block the bullfrog skeleton's attack.
The orc priest calls down the wrath of Beogh upon you.
Beogh smites you!
* * * LOW HITPOINT WARNING * * *
It was a potion of brilliance.
You feel clever all of a sudden. You block the hound's attack.
The bullfrog skeleton barely misses you.
The hound bites you but does no damage.
The orc priest invokes the aid of Beogh against you.
Beogh smites you!
You die...

#.# #.. ... ...
# ##.###.# #.
...... #
#.###.#.####.
#.#....<.......
#.......#.####.
#.......# #
#.....h@#
#.#.##.Zo......
# #. #....##%##
# #....# #...>#
#..... ##.##..
#.# ...


You could see a hound, an orc priest and a bullfrog skeleton.

Vanquished Creatures
  A gnoll (D:1)
  3 adders
  2 worms (D:2)
  2 dart slugs
  4 leopard geckos
  4 orcs (D:3)
  4 bat zombies (D:2)
  3 giant cockroaches
  4 goblins
  8 hobgoblins
  2 jackals (D:1)
  5 kobolds
  2 ball pythons
  6 bats
  2 frilled lizards
  3 rats
  A rat zombie (D:2)
56 creatures vanquished.

Notes
Turn   | Place    | Note
-------+----------+-------------------------------------------
     0 | D:1      | vishdafish the Gnoll Fighter began the quest for the Orb.
     0 | D:1      | Reached XP level 1. HP: 23/23 MP: 1/1
    15 | D:1      | Reached XP level 2. HP: 6/29 MP: 2/2
   498 | D:1      | Reached XP level 3. HP: 34/35 MP: 3/3
   994 | D:2      | Found a sparkling altar of Nemelex Xobeh.
  1013 | D:2      | Reached skill level 1 in Invocations
  1109 | D:2      | Reached skill level 1 in Short Blades
  1109 | D:2      | Reached skill level 1 in Axes
  1109 | D:2      | Reached skill level 1 in Maces & Flails
  1109 | D:2      | Reached skill level 1 in Polearms
  1109 | D:2      | Reached skill level 1 in Staves
  1109 | D:2      | Reached skill level 1 in Slings
  1109 | D:2      | Reached skill level 1 in Bows
  1109 | D:2      | Reached skill level 1 in Crossbows
  1109 | D:2      | Reached skill level 1 in Throwing
  1109 | D:2      | Reached skill level 1 in Dodging
  1109 | D:2      | Reached skill level 1 in Stealth
  1109 | D:2      | Reached skill level 1 in Unarmed Combat
  1109 | D:2      | Reached skill level 1 in Spellcasting
  1109 | D:2      | Reached skill level 1 in Evocations
  1125 | D:2      | Found a radiant altar of Vehumet.
  1155 | D:2      | Reached XP level 4. HP: 38/41 MP: 5/5
  1191 | D:2      | Found an ancient bone altar of Kikubaaqudgha.
  1932 | D:3      | Reached skill level 1 in Conjurations
  1932 | D:3      | Reached skill level 1 in Hexes
  1932 | D:3      | Reached skill level 1 in Charms
  1932 | D:3      | Reached skill level 1 in Summonings
  1932 | D:3      | Reached skill level 1 in Necromancy
  1932 | D:3      | Reached skill level 1 in Translocations
  1932 | D:3      | Reached skill level 1 in Transmutations
  1932 | D:3      | Reached skill level 1 in Fire Magic
  1932 | D:3      | Reached skill level 1 in Ice Magic
  1932 | D:3      | Reached skill level 1 in Air Magic
  1932 | D:3      | Reached skill level 1 in Earth Magic
  1932 | D:3      | Reached skill level 1 in Poison Magic
  2218 | D:3      | Noticed Sigmund
  2266 | D:4      | Found a staircase to the Ecumenical Temple.
  2273 | D:4      | Killed from afar by an orc priest

Skill      XL: |  1  2  3  4 |
---------------+-------------+-----
Invocations    | 1 |  1.4
Short Blades   | 1 |  1.2
Axes           | 1 |  1.2
Maces & Flails | 1 |  1.2
Polearms       | 1 |  1.2
Staves         | 1 |  1.2
Slings         | 1 |  1.2
Bows           | 1 |  1.2
Crossbows      | 1 |  1.2
Throwing       | 1 |  1.2
Dodging        | 1 |  1.2
Stealth        | 1 |  1.2
Unarmed Combat | 1 |  1.2
Spellcasting   | 1 |  1.2
Evocations     | 1 |  1.2
Conjurations   | 1 |  1.0
Hexes          | 1 |  1.0
Charms         | 1 |  1.0
Summonings     | 1 |  1.0
Necromancy     | 1 |  1.0
Translocations | 1 |  1.0
Transmutations | 1 |  1.0
Fire Magic     | 1 |  1.0
Ice Magic      | 1 |  1.0
Air Magic      | 1 |  1.0
Earth Magic    | 1 |  1.0
Poison Magic   | 1 |  1.0
Fighting       | |  6.6
Long Blades    | |  4.7
Armour         | |  6.6
Shields        | |  6.6

Action                   |  1- 3 |  4- 6 || total
-------------------------+-------+-------++-------
Melee: Long sword        |    89 |    70 ||   159
       Bite              |     4 |     8 ||    12
  Use: Potion            |     1 |     2 ||     3
  Eat: Chunk             |       |     4 ||     4
Armor: Scale mail        |    35 |    35 ||    70
Dodge: Dodged            |    15 |    41 ||    56
Block: Shield            |    56 |    52 ||   108
       Rpst.: Long sword |     3 |     9 ||    12
